 Dungeon Crawl Stone Soup version 0.24-a0-284-g9fb9971 (webtiles) character file.

Game seed: 6508626131782047867

55 More the Ogre Mage (level 3, -3/42 HPs)
             Began as an Ogre Wizard on May 6, 2019.
             Killed from afar by Sigmund (8 damage)
             ... with a puff of flame
             ... on level 3 of the Dungeon.
             The game lasted 00:05:31 (2982 turns).

More the Ogre Mage (Ogre Wizard)                    Turns: 2982, Time: 00:05:32

Health: -3/42      AC: 21    Str: 17    XL:     3   Next: 93%
Magic:  9/9        EV:  1    Int: 19    God:
Gold:   84         SH:  0    Dex: 12    Spells: 5/11 levels left

rFire    . . .     SeeInvis .   p - +3 mace
rCold    . . .     Gourm    +   (no shield)
rNeg     + + +     Faith    .   (armour currently unavailable)
rPois    +         Spirit   .   (helmet currently unavailable)
rElec    .         Reflect  .   (cloak currently unavailable)
rCorr    .         Harm     .   (gloves unavailable)
MR       .....     NoTele   +   (boots unavailable)
Stlth    ++........             o - amulet of the gourmand
HPRegen  0.14/turn              (no ring)
MPRegen  0.11/turn              (no ring)

@: confused, mighty, agile, tree-form
A: large, unfitting armour, blurry vision 1, frail 1
a: no special abilities


You were on level 3 of the Dungeon.
You were not hungry.
You were a tree.
You visited 1 branch of the dungeon, and saw 3 of its levels.

You collected 84 gold pieces.

Inventory:

Hand Weapons
 h - a +0 club
 p - a +3 mace (weapon)
Armour
 a - a +0 robe (melded)
 b - a +0 hat (melded)
 r - a cursed +0 cloak (melded)
Jewellery
 o - an amulet of the gourmand (around neck)
Scrolls
 c - 3 scrolls of identify {unknown}
 e - 2 scrolls of amnesia {unknown}
 i - a scroll of teleportation {unknown}
 k - a scroll of remove curse {unknown}
 l - a scroll of magic mapping {unknown}
 n - a scroll of blinking {unknown}
 q - 2 scrolls of enchant armour {unknown}
Potions
 f - 2 potions of lignification
 m - 2 potions of might
Comestibles
 d - 7 rations


   Skills:
 + Level 0.3 Fighting
 + Level 0.1 Maces & Flails
 - Level 1.9 Dodging
 - Level 1.4 Stealth
 + Level 4.8 Spellcasting
 + Level 1.6 Conjurations
   Level 0.8 Summonings
 * Level 1.1 Translocations


You had 5 spell levels left.
You knew the following spells:

 Your Spells              Type           Power        Failure   Level  Hunger
a - Magic Dart            Conj           ##..         6%          1    None
b - Blink                 Tloc           N/A          12%         2    #......
c - Conjure Flame         Conj/Fire      #.......     26%         3    ##.....

Your spell library contained the following spells:

 Spells                   Type           Power        Failure   Level  Hunger
 Call Imp                 Summ           #.......     14%         2    #......
 Slow                     Hex            #.......     19%         2    #......
 Mephitic Cloud           Conj/Pois/Air  #.......     30%         3    ##.....


Dungeon Overview and Level Annotations

Branches:
Dungeon (3/15)

Altars:

Annotations:
D:3 Sigmund


Innate Abilities, Weirdness & Mutations

You are too large for most types of armour.
((You have tough skin. (AC +1)))
((You have very sharp teeth.))
Scrolls take you a little longer to read.
You are frail. (-10% HP)


Message History

It was a potion of agility.
You feel agile all of a sudden.
The hobgoblin hits you but does no damage.
You cannot move. (Use ctrl+direction or * direction to attack without moving.)
You barely miss Sigmund.
Sigmund is almost dead.
Sigmund hits you but does no damage.
The hobgoblin hits you but does no damage.
You swing at nothing.
Sigmund gestures at you while chanting.
The puff of flame hits you but does no damage.
The hobgoblin hits you but does no damage.
Sigmund points at you and mumbles some strange words.
You are more confused.
You barely miss Sigmund.
Sigmund is almost dead.
The hobgoblin hits you but does no damage.
Sigmund casts a spell at you. The puff of flame hits you!
You die...

########........#
#...............#
#.######.#....#.###
#.# #.##........ #.#
#.####.#.### #.#
#.####+#.#
####.######.......(#
#..................##
#.##.♣....###.....(.##
# ##@g.#.##.........#
.......+......)..'
#......#..........#
#.#....#.#.......## #.
#.### ##.....## #. .#
##...## .. .# ##'##
#.#


You could see Sigmund and a hobgoblin.

Vanquished Creatures
  An adder (D:2)
  2 dart slugs
  2 leopard geckos
  An orc (D:3)
  A ball python (D:2)
  4 giant cockroaches
  7 hobgoblins
  A quokka (D:2)
  2 bats (D:1)
  2 frilled lizards (D:2)
  5 goblins
  4 kobolds
  4 rats
36 creatures vanquished.

Notes
Turn   | Place    | Note
-------+----------+-------------------------------------------
     0 | D:1      | More the Ogre Wizard began the quest for the Orb.
     0 | D:1      | Reached XP level 1. HP: 16/16 MP: 5/5
   220 | D:1      | Reached skill level 4 in Spellcasting
   226 | D:1      | Reached XP level 2. HP: 24/24 MP: 0/7
   297 | D:1      | Learned a level 2 spell: Blink
  1043 | D:2      | Reached skill level 1 in Conjurations
  1043 | D:2      | Reached XP level 3. HP: 9/31 MP: 0/9
  1884 | D:2      | Learned a level 3 spell: Conjure Flame
  2331 | D:2      | Reached skill level 1 in Translocations
  2964 | D:3      | Noticed Sigmund
  2978 | D:3      | Gained mutation: Scrolls take you a little longer to read.
                  | [potion of mutation]
  2978 | D:3      | Gained mutation: You are frail. (-10% HP) [potion of
                  | mutation]
  2978 | D:3      | Gained mutation: You have very sharp teeth. [potion of
                  | mutation]
  2982 | D:3      | Killed from afar by Sigmund

Levels and vault maps discovered:
D:1:      elethiomel_arrival_shortcut, layout_loops_ring
D:2:      layout_basic
D:3:      layout_loops_corners, okawaru_ov_weapons_minmay,
          makhleb_altar_promises_db, first_ration, ebering_ghost_disaster_area,
          uniq_sigmund

Skill      XL: |  1  2  3 |
---------------+----------+-----
Spellcasting   | 4 |  4.8
Conjurations   | 1 |  1.6
Translocations | 1 |  1.1
Fighting       | |  0.3
Maces & Flails | |  0.1
Dodging        | |  1.9
Stealth        | |  1.4
Summonings     | |  0.8

Action                   || total
-------------------------++-------
Melee: Unarmed           ||     3
       Club              ||    24
       Mace              ||    37
 Cast: Magic Dart        ||    82
  Use: Potion            ||     6
  Eat: Chunk             ||     8
Armor: Robe              ||    26
       Skin              ||    10
Dodge: Dodged            ||    67

Table legend:
 A = Non-vault XP
 B = Vault XP
 C = Vault XP percentage of total XP
 D = Non-vault monster count
 E = Vault monster count
 F = Vault count percentage of total count
                 A         B        C        D         E       F
            +---------+---------+-------+---------+---------+-------
      Total |      79 |       0 |   0.0 |      36 |       0 |   0.0
            +---------+---------+-------+---------+---------+-------
        D:1 |      23 |       0 |   0.0 |      12 |       0 |   0.0
        D:2 |      48 |       0 |   0.0 |      20 |       0 |   0.0
        D:3 |       8 |       0 |   0.0 |       4 |       0 |   0.0
            +---------+---------+-------+---------+---------+-------
